 Dungeon Crawl Stone Soup version 0.26-a0-612-gd4d190f45e (webtiles) character file.

Game seed: 686599499791377198

1165 DogServant the Magician (level 8, -1/42 (43) HPs)
             Began as a Deep Elf Hedge Wizard on Sept 10, 2020.
             Killed from afar by an orc wizard (7 damage)
             ... with a magic dart
             ... on level 5 of the Dungeon.
             The game lasted 00:39:02 (9338 turns).

DogServant the Magician (Deep Elf Hedge Wizard)     Turns: 9338, Time: 00:39:03

HP:   -1/42 (43)    AC:  2    Str:  7    XL:     8   Next: 17%
MP:   12/20         EV: 15    Int: 22    God:
Gold: 262           SH:  0    Dex: 14    Spells: 9/21 levels left

rFire    . . .     SeeInvis .   t - +2 dagger (venom)
rCold    . . .     Faith    .   (no shield)
rNeg     . . .     Spirit   .   b - +0 robe
rPois    .         Reflect  .   c - +0 hat
rElec    .         Harm     .   (no cloak)
rCorr    .                      (no gloves)
MR       .....                  (no boots)
Stlth    ++........             (no amulet)
HPRegen  0.14/turn              (no ring)
MPRegen  0.17/turn              (no ring)

@: about to teleport, studying Earth Magic
A: no striking features
a: no special abilities


You were on level 5 of the Dungeon.
You visited 1 branch of the dungeon, and saw 5 of its levels.

You collected 262 gold pieces.

Inventory:

Hand Weapons
 a - a +0 dagger
 t - a +2 dagger of venom (weapon)
Missiles
 w - 2 atropa-tipped darts (quivered)
Armour
 b - a +0 robe (worn)
 c - a +0 hat (worn)
 n - a +0 helmet
 v - the +4 hat "Jeilas" {rC+ MR+ Regen+ Str+2, unknown}
   (You found it on level 5 of the Dungeon)

   It affects your strength (+2).
   It protects you from cold.
   It affects your resistance to hostile enchantments.
   It increases your rate of regeneration.
Jewellery
 q - a cursed ring of ice
 r - a +4 ring of protection {unknown}
Wands
 f - a wand of iceblast (9)
 x - a wand of flame (18)
Scrolls
 g - a scroll of teleportation
 l - a scroll of amnesia
 s - a scroll of identify
Potions
 d - a potion of might
 e - a potion of haste
 h - 2 potions of stabbing
 i - a potion of curing
 j - 2 potions of mutation {unknown}
 k - a potion of invisibility {unknown}
 m - a potion of brilliance {unknown}
 o - a potion of flight {unknown}
 u - a potion of resistance {unknown}
Books
 p - a manual of Earth Magic


   Skills:
 * Level 1.3 Fighting
 - Level 5.3 Dodging
 - Level 2.4 Stealth
 + Level 7.0 Spellcasting
 * Level 5.6 Conjurations
 + Level 3.3 Hexes
 - Level 3.5 Summonings
 - Level 1.1 Translocations
 + Level 1.4 Air Magic
 + Level 1.8 Poison Magic
 + Level 1.7 Evocations


You had 9 spell levels left.
You knew the following spells:

 Your Spells              Type           Power        Failure   Level
a - Magic Dart            Conj           ####         1%          1
b - Blink                 Tloc           N/A          8%          2
c - Call Imp              Summ           ###.....     3%          2
d - Slow                  Hex            ###.....     3%          2
e - Poisonous Vapours     Pois/Air       ###...       6%          2
f - Mephitic Cloud        Conj/Pois/Air  ###.....     7%          3

Your spell library contained the following spells:

 Spells                   Type           Power        Failure   Level
 Conjure Flame            Conj/Fire      ###.....     8%          3
 Fireball                 Conj/Fire      ###.......   56%         5
 Alistair's Intoxication  Tmut/Pois      ##.......    83%         5
 Ignition                 Fire           #.........   100%        8


Dungeon Overview and Level Annotations

Branches:
Dungeon (5/15)
 Temple: D:4-7

Altars:
Dithmenos
Kikubaaqudgha
Nemelex Xobeh
Ru
Wu Jian


Message History

The centaur shoots an arrow.
The arrow barely misses your crimson imp.
The arrow hits you!
* * * LOW HITPOINT WARNING * * *
Your crimson imp blinks!
Things that are here:
an arrow; a +0 club The centaur shoots an arrow.
The arrow hits your crimson imp!
As you read the scroll of teleportation, it crumbles to dust.
You feel strangely unstable.
Your surroundings suddenly seem different.
An orc wizard comes into view.
It is wielding a +2 dagger of protection.
An orc and an orc priest come into view.
As you read the scroll of teleportation, it crumbles to dust.
You feel strangely unstable.
Found a scroll of magic mapping.
An orc comes into view.
The orc wizard gestures at you while chanting.
The magic dart hits you!
You die...

. ..#
o##.# ...#
#oo# ..# .
#.#
.o.#####.#
.......#.#
#
.......@.#
#
.......###
# .......
# .......
######
..?....
#.....
.......
#.....
.......
#.....
.......
#.....
......
#.....


You could see an orc wizard and an orc.

Vanquished Creatures
  2 necrophages (D:5)
  An ogre (D:5)
  A gnoll sergeant (D:5)
  A hound (D:4)
  2 orc wizards (D:4)
  A gnoll shaman (D:5)
  Ijyb (D:3)
  2 iguanas
  4 worker ants
  30 gnolls (D:5)
  9 adders
  An adder skeleton (D:4)
  A dart slug (D:1)
  2 leopard geckos
  9 orcs
  2 giant cockroaches (D:4)
  7 goblins
  9 hobgoblins
  18 jackals (D:5)
  7 kobolds
  4 quokkas (D:3)
  2 ball pythons (D:3)
  7 bats
  4 frilled lizards
  A jackal zombie (D:5)
  A quokka skeleton (D:3)
  7 rats
136 creatures vanquished.

Vanquished Creatures (collateral kills)
  An orc warrior (D:4)
  Jessica (D:2)
  Terence (D:3)
  An orc wizard (D:4)
  A worker ant (D:4)
  A gnoll (D:5)
  An adder skeleton (D:4)
  A worm (D:2)
  A giant cockroach (D:5)
  2 hobgoblins (D:2)
11 creatures vanquished.

Vanquished Creatures (others)
  3 fungi (D:2)
  10 plants
13 creatures vanquished.

Grand Total: 160 creatures vanquished

Notes
Turn   | Place    | Note
-------+----------+-------------------------------------------
     0 | D:1      | DogServant the Deep Elf Hedge Wizard began the quest for
                  | the Orb.
     0 | D:1      | Reached XP level 1. HP: 10/10 MP: 7/7
   476 | D:1      | Reached XP level 2. HP: 15/15 MP: 5/9
  1148 | D:2      | Learned a level 2 spell: Blink
  1151 | D:2      | Learned a level 2 spell: Call Imp
  1186 | D:2      | Reached skill level 5 in Spellcasting
  1307 | D:2      | Reached XP level 3. HP: 19/19 MP: 9/11
  1407 | D:2      | Found a sacrificial altar of Ru.
  1443 | D:2      | Noticed Jessica
  1477 | D:2      | Killed Jessica
  1614 | D:2      | Reached XP level 4. HP: 24/24 MP: 5/13
  2059 | D:2      | Found an ornate altar of the Wu Jian Council.
  2059 | D:2      | Found an ancient bone altar of Kikubaaqudgha.
  2066 | D:2      | Found a shadowy altar of Dithmenos.
  2068 | D:2      | Found a sparkling altar of Nemelex Xobeh.
  2069 | D:2      | Found a sacrificial altar of Ru.
  2226 | D:3      | Noticed Ijyb
  2257 | D:3      | Killed Ijyb
  2494 | D:3      | Noticed Terence
  2555 | D:3      | Killed Terence
  2555 | D:3      | Reached XP level 5. HP: 7/28 MP: 5/15
  3211 | D:3      | Identified the Compendium of the Nocuous Volcanoes
  4578 | D:4      | Noticed an orc warrior
  4583 | D:4      | Learned a level 2 spell: Slow
  4705 | D:4      | Reached XP level 6. HP: 30/32 MP: 8/16
  4861 | D:4      | Reached skill level 6 in Spellcasting
  5147 | D:4      | Reached skill level 1 in Hexes
  5331 | D:4      | Killed an orc warrior
  6106 | D:5      | Entered Level 5 of the Dungeon
  6330 | D:5      | Reached XP level 7. HP: 36/36 MP: 12/18
  6334 | D:5      | Learned a level 2 spell: Poisonous Vapours
  6338 | D:5      | Learned a level 3 spell: Mephitic Cloud
  6480 | D:5      | Reached skill level 5 in Dodging
  6547 | D:5      | Got a polished hat
  7599 | D:5      | Reached skill level 5 in Conjurations
  7681 | D:5      | Reached skill level 1 in Poison Magic
  7681 | D:5      | Reached skill level 1 in Evocations
  7903 | D:5      | Reached skill level 1 in Air Magic
  8638 | D:5      | Reached skill level 1 in Fighting
  8638 | D:5      | Reached XP level 8. HP: 42/42 MP: 7/20
  8861 | D:5      | Reached skill level 7 in Spellcasting
  9338 | D:5      | Killed from afar by an orc wizard

Illustrated notes

Levels and vault maps discovered:
D:1:      saegor_arrival_simple_c, layout_rooms, serial_forest,
          infiniplex_forest_lined_3, infiniplex_forest_straight_2,
          infiniplex_forest_lined_room_, infiniplex_forest_clump_double,
          infiniplex_forest_clump_double, infiniplex_forest_clump_medium,
          hangedman_decor_growths
D:2:      layout_rooms, chequers_temple_overflow_minitemple, st_stairs_8,
          nicolae_ru_the_path_less_chosen, uniq_jessica
D:3:      minmay_octagon_keep, layout_basic, uniq_ijyb, uniq_terence
D:4:      layout_gridville, hangedman_decor_peaks_small,
          minmay_manual_mandibuliform
D:5:      lemuel_castle_with_subvaults [lemuel_castle_interior_carwin_2],
          layout_basic

Skill      XL: |  1  2  3  4  5  6  7  8 |
---------------+-------------------------+-----
Dodging        | 3 4 5 |  5.3
Spellcasting   | 5 6 7 |  7.0
Conjurations   | 2 3 4 5 |  5.6
Summonings     | 2 3 |  3.5
Hexes          | 2 3 |  3.3
Poison Magic   | 1 |  1.8
Evocations     | 1 |  1.7
Air Magic      | 1 |  1.4
Fighting       | 1 |  1.3
Stealth        | |  2.4
Translocations | |  1.1

Action                   |  1- 3 |  4- 6 |  7- 9 || total
-------------------------+-------+-------+-------++-------
Melee: Dagger            |    18 |    19 |    56 ||    93
 Cast: Magic Dart        |    63 |   213 |   177 ||   453
       Call Imp          |     5 |    24 |    10 ||    39
       Blink             |       |     7 |     3 ||    10
       Slow              |       |     9 |     8 ||    17
       Poisonous Vapours |       |       |     3 ||     3
       Mephitic Cloud    |       |       |     1 ||     1
  Use: Scroll            |       |     9 |     5 ||    14
 Stab: Sleeping          |     1 |     2 |       ||     3
Armor: Robe              |     9 |     6 |     5 ||    20
Dodge: Dodged            |    28 |    78 |    54 ||   160

Table legend: (Time is in decaauts)
 A = Elapsed time spent in this place.
 B = Non-inter-level travel time spent in this place.
 C = Inter-level travel time spent in this place.
 D = Time resting spent in this place.
 E = Time spent auto-exploring this place.
 F = Levels seen in this place.
 G = Mean time per level.
                   A        B        C        D        E       F      G
               +--------+--------+--------+--------+--------+-----+--------+
         Total |   9357 |   9212 |    145 |   3226 |   4474 |   5 | 1871.4 |
       Dungeon |   9357 |   9212 |    145 |   3226 |   4474 |   5 | 1871.4 |
               +--------+--------+--------+--------+--------+-----+--------+

Top non-repeatable levels by time:
     D:5: 2849 daAuts
     D:4: 2380 daAuts
     D:3: 1906 daAuts
     D:1: 1144 daAuts
     D:2: 1076 daAuts
